IL
NORFOLK TIDES @ LOUISVILLE BATS
07/10/2099
 
TOP OF THE 1ST
Norfolk Tides batting - Pitching for Louisville Bats : LHP Steve Thornton
Pitching: LHP Steve Thornton
Batting: SHB Jarrett Crawford 0-0: Called Strike
0-1: Ball
1-1: Called Strike
1-2: Ball
2-2: Ball
3-2: Foul Ball, location: 3F
3-2: SINGLE (Line Drive, 78M, EV 89.4 MPH)
Batting: LHB Andres Lopez 0-0: Ball
1-0: Called Strike
Jarrett Crawford steals 2nd base
1-1: Foul Ball, location: 2F
1-2: Strikes out swinging
Batting: RHB Anthon de Graauw 0-0: Called Strike
0-1: Foul Ball, location: 25FF
0-2: Foul Ball, location: 2F
0-2: Foul Ball, location: 3F
0-2: Ball
1-2: Foul Ball, location: 9LDF
1-2: Fly out, F9 (Flyball, 89M, EV 90.0 MPH)
Batting: LHB Dave Schwabe 0-0: Called Strike
0-1: Ball
1-1: Swinging Strike
1-2: SINGLE (Line Drive, 78S, EV 108.1 MPH)
Jarrett Crawford to third
Runner from 3rd tries for Home, SAFE, throw by LF to home
Batting: RHB Dale Norvell 0-0: SINGLE (Line Drive, 78M, EV 96.9 MPH)
Dave Schwabe to second
Batting: LHB Kevin Traynham 0-0: Called Strike
0-1: Ball
1-1: Called Strike
1-2: Ball
2-2: Foul Ball, location: 23FF
2-2: Strikes out looking
Top of the 1st over - 1 run, 3 hits, 0 errors, 2 left on base; Norfolk 1 - Louisville 0
BOTTOM OF THE 1ST
Louisville Bats batting - Pitching for Norfolk Tides : LHP Jamari Shaw
Pitching: LHP Jamari Shaw
Batting: LHB Edwin Longoria 0-0: Fly out, F5 (Popup, 5F, EV 68.8 MPH)
Batting: RHB Manny Hernandes 0-0: Swinging Strike
0-1: Ball
1-1: Ball
2-1: Foul Ball, location: 5DF
2-2: Ball
3-2: Fly out, F8 (Flyball, 89M, EV 96.3 MPH)
Batting: RHB Ed Pride 0-0: Ball
1-0: Fly out, F4 (Popup, 4S, EV 77.5 MPH)
Bottom of the 1st over - 0 runs, 0 hits, 0 errors, 0 left on base; Norfolk 1 - Louisville 0
TOP OF THE 2ND
Norfolk Tides batting - Pitching for Louisville Bats : LHP Steve Thornton
Batting: RHB George Champagne 0-0: Called Strike
0-1: Ball
1-1: Swinging Strike
1-2: Foul Ball, location: 5F
1-2: Fly out, F7 (Flyball, 7D, EV 96.9 MPH)
Batting: RHB Evan Keaton 0-0: Ball
1-0: Ball
2-0: Called Strike
2-1: Fly out, F8 (Flyball, 89M, EV 90.6 MPH)
Batting: RHB Lloyd Hallamore 0-0: Called Strike
0-1: Swinging Strike
0-2: Strikes out swinging
Top of the 2nd over - 0 runs, 0 hits, 0 errors, 0 left on base; Norfolk 1 - Louisville 0
BOTTOM OF THE 2ND
Louisville Bats batting - Pitching for Norfolk Tides : LHP Jamari Shaw
Batting: RHB Josh Simms 0-0: Ball
1-0: SINGLE (Line Drive, 89S, EV 104.4 MPH)
Batting: RHB Dallas Miles 0-0: Ball
1-0: Ball
2-0: Swinging Strike
2-1: Foul Ball, location: 2F
2-2: Ball
3-2: Base on Balls
Josh Simms to second
Batting: LHB Nelson Valencia 0-0: Called Strike
0-1: Ball
1-1: Ball
2-1: Fly out, F4 (Popup, 4, EV 68.8 MPH)
Batting: RHB Preston Phillips 0-0: Ball
1-0: Called Strike
1-1: Foul Ball, location: 2F
1-2: SINGLE (Line Drive, 89S, EV 92.5 MPH)
Josh Simms to third
Dallas Miles to second
Batting: SHB Mike Pagan 0-0: Swinging Strike
0-1: Fly out, F3 (Popup, 3S, EV 78.8 MPH)
Batting: SHB Greg Jenniferl 0-0: Ball
1-0: Ball
2-0: Called Strike
2-1: Ball
Wild Pitch!
Josh Simms scores
Dallas Miles to third
Preston Phillips to second
3-1: Base on Balls
Batting: LHB Edwin Longoria 0-0: Ball
1-0: Ground out 4-3 (Groundball, 4, EV 85.6 MPH)
Bottom of the 2nd over - 1 run, 2 hits, 0 errors, 3 left on base; Norfolk 1 - Louisville 1
TOP OF THE 3RD
Norfolk Tides batting - Pitching for Louisville Bats : LHP Steve Thornton
Batting: SHB Jarrett Crawford 0-0: Ball
1-0: Ball
2-0: Ball
3-0: Called Strike
3-1: Base on Balls
Batting: LHB Andres Lopez Pickoff Throw to First - Error! E1
Jarrett Crawford to second
0-0: Ball
1-0: Ground out U3 (Groundball, 3L, EV 81.9 MPH)
Jarrett Crawford to third
Batting: RHB Anthon de Graauw 0-0: Swinging Strike
0-1: Foul Ball, location: 2F
0-2: Ball
1-2: Ball
2-2: Ball
3-2: Fly out, F9 (Flyball, 89D, EV 94.4 MPH)
Batting: LHB Dave Schwabe 0-0: Fly out, F7 (Flyball, 7LMF, EV 105.6 MPH)
Top of the 3rd over - 0 runs, 0 hits, 1 error, 1 left on base; Norfolk 1 - Louisville 1
BOTTOM OF THE 3RD
Louisville Bats batting - Pitching for Norfolk Tides : LHP Jamari Shaw
Batting: RHB Manny Hernandes 0-0: Called Strike
0-1: Ground out 6-3 (Groundball, 6, EV 88.1 MPH)
Batting: RHB Ed Pride 0-0: Ball
1-0: Ball
2-0: Fly out, F5 (Popup, 25F, EV 88.8 MPH)
Batting: RHB Josh Simms 0-0: Ground out U3 (Groundball, 3L, EV 85.0 MPH)
Bottom of the 3rd over - 0 runs, 0 hits, 0 errors, 0 left on base; Norfolk 1 - Louisville 1
TOP OF THE 4TH
Norfolk Tides batting - Pitching for Louisville Bats : LHP Steve Thornton
Batting: RHB Dale Norvell 0-0: Ball
1-0: Fly out, F9 (Flyball, 89M, EV 90.6 MPH)
Batting: LHB Kevin Traynham 0-0: Called Strike
0-1: Ball
1-1: SINGLE (Line Drive, 8LS, EV 104.4 MPH)
Batting: RHB George Champagne 0-0: Ball
1-0: Ball
2-0: Ball
3-0: Called Strike
3-1: Foul Ball, location: 9LDF
3-2: Foul Ball, location: 5F
3-2: Base on Balls
Kevin Traynham to second
Batting: RHB Evan Keaton 0-0: Called Strike
0-1: Swinging Strike
0-2: Ball
1-2: Grounds into double play, 5-4-3 (Groundball, 5, EV 100.0 MPH)
Top of the 4th over - 0 runs, 1 hit, 0 errors, 1 left on base; Norfolk 1 - Louisville 1
BOTTOM OF THE 4TH
Louisville Bats batting - Pitching for Norfolk Tides : LHP Jamari Shaw
Batting: RHB Dallas Miles 0-0: Called Strike
0-1: Foul Ball, location: 5FF
0-2: Ground out U3 (Groundball, 13, EV 91.3 MPH)
Batting: LHB Nelson Valencia 0-0: Ball
1-0: Ball
2-0: Ground out 4-3 (Groundball, 4M, EV 84.4 MPH)
Batting: RHB Preston Phillips 0-0: Foul Ball, location: 3SF
0-1: Ball
1-1: Ground out 6-3 (Groundball, 6, EV 101.3 MPH)
Bottom of the 4th over - 0 runs, 0 hits, 0 errors, 0 left on base; Norfolk 1 - Louisville 1
TOP OF THE 5TH
Norfolk Tides batting - Pitching for Louisville Bats : LHP Steve Thornton
Batting: RHB Lloyd Hallamore 0-0: Ball
1-0: Ball
2-0: TRIPLE (Line Drive, 9LD, EV 106.9 MPH)
Batting: SHB Jarrett Crawford 0-0: Ball
1-0: Foul Ball, location: 9LMF
1-1: Fielders Choice at home, 6-2 (Groundball, 6, EV 104.4 MPH)
Batting: LHB Andres Lopez 0-0: Called Strike
Jarrett Crawford steals 2nd base
0-1: Ball
1-1: Swinging Strike
1-2: SINGLE (Groundball, 34D, EV 100.0 MPH)
Jarrett Crawford to third
Runner from 3rd tries for Home, SAFE, throw by RF to home
Batting: RHB Anthon de Graauw 0-0: Ball
1-0: Ball
2-0: Ball
3-0: Base on Balls
Andres Lopez to second
Batting: LHB Dave Schwabe 0-0: Called Strike
0-1: Ball
1-1: Foul Ball, location: 2F
1-2: Ball
2-2: Strikes out swinging
Batting: RHB Dale Norvell 0-0: Ball
1-0: Ball
2-0: Called Strike
2-1: Ball
3-1: Foul Ball, location: 9LMF
3-2: Foul Ball, location: 9LMF
3-2: Base on Balls
Andres Lopez to third
Anthon de Graauw to second
Batting: LHB Kevin Traynham 0-0: Foul Ball, location: 7LMF
0-1: Ball
1-1: Swinging Strike
1-2: Fielders Choice at 2nd, 6-4 (Groundball, 6, EV 88.1 MPH)
Top of the 5th over - 1 run, 2 hits, 0 errors, 3 left on base; Norfolk 2 - Louisville 1
BOTTOM OF THE 5TH
Louisville Bats batting - Pitching for Norfolk Tides : LHP Jamari Shaw
Batting: SHB Mike Pagan 0-0: Ball
1-0: Fly out, F3 (Popup, 34, EV 79.4 MPH)
Batting: SHB Greg Jenniferl 0-0: Ball
1-0: Ball
2-0: Ground out 6-3 (Groundball, 6, EV 88.1 MPH)
Batting: LHB Edwin Longoria 0-0: Ball
1-0: Ground out U3 (Groundball, 3, EV 88.1 MPH)
Bottom of the 5th over - 0 runs, 0 hits, 0 errors, 0 left on base; Norfolk 2 - Louisville 1
TOP OF THE 6TH
Norfolk Tides batting - Pitching for Louisville Bats : LHP Steve Thornton
Batting: RHB George Champagne 0-0: Ball
1-0: Called Strike
1-1: Ball
2-1: Ground out 5-3 (Groundball, 56, EV 88.8 MPH)
Batting: RHB Evan Keaton 0-0: Foul Ball, location: 2F
0-1: Ball
1-1: Foul Ball, location: 5F
1-2: Ball
2-2: Foul Ball, location: 5DF
2-2: Ground out 6-3 (Groundball, 56, EV 100.0 MPH)
Batting: RHB Lloyd Hallamore 0-0: Called Strike
0-1: Ball
1-1: Ball
2-1: Ball
3-1: Foul Ball, location: 2F
3-2: Strikes out swinging
Top of the 6th over - 0 runs, 0 hits, 0 errors, 0 left on base; Norfolk 2 - Louisville 1
BOTTOM OF THE 6TH
Louisville Bats batting - Pitching for Norfolk Tides : LHP Jamari Shaw
Batting: RHB Manny Hernandes 0-0: Called Strike
0-1: Ball
1-1: Called Strike
1-2: Ball
2-2: Ball
3-2: Foul Ball, location: 7LDF
3-2: Foul Ball, location: 5F
3-2: Ground out 4-3 (Groundball, 4, EV 88.1 MPH)
Batting: RHB Ed Pride 0-0: Swinging Strike
0-1: Ball
1-1: Ball
2-1: Fly out, F8 (Flyball, 8RD, EV 90.6 MPH)
Batting: RHB Josh Simms 0-0: Foul Ball, location: 5F
0-1: Ball
1-1: Foul Ball, location: 5F
1-2: Ball
2-2: Foul Ball, location: 2RF
2-2: Foul Ball, location: 9LMF
2-2: Strikes out swinging
Bottom of the 6th over - 0 runs, 0 hits, 0 errors, 0 left on base; Norfolk 2 - Louisville 1
TOP OF THE 7TH
Norfolk Tides batting - Pitching for Louisville Bats : LHP Steve Thornton
Pitching: LHP Craig Wilson
Batting: SHB Jarrett Crawford 0-0: Ball
1-0: Ball
2-0: Called Strike
2-1: Ball
3-1: Base on Balls
Batting: LHB Andres Lopez 0-0: Ball
Jarrett Crawford is caught stealing 2nd base 2-6
1-0: Called Strike
1-1: Ball
2-1: Ball
3-1: Foul Ball, location: 25FF
3-2: SINGLE (Flyball, 7LS, EV 98.8 MPH)
Batting: RHB Anthon de Graauw 0-0: Called Strike
Andres Lopez steals 2nd base
0-1: Ball
1-1: Swinging Strike
1-2: Foul Ball, location: 2F
1-2: Ball
2-2: Ball
3-2: Strikes out swinging
Batting: LHB Dave Schwabe 0-0: Ball
1-0: Ball
2-0: Swinging Strike
2-1: SINGLE (Groundball, 34D, EV 94.4 MPH)
Andres Lopez to third
Runner from 3rd tries for Home, SAFE, throw by RF to home
Batting: RHB Dale Norvell 0-0: Called Strike
0-1: Ball
1-1: Ball
Wild Pitch!
Dave Schwabe to second
2-1: Ball
3-1: Foul Ball, location: 3DF
3-2: Strikes out looking
Top of the 7th over - 1 run, 2 hits, 0 errors, 1 left on base; Norfolk 3 - Louisville 1
BOTTOM OF THE 7TH
Louisville Bats batting - Pitching for Norfolk Tides : LHP Jamari Shaw
Batting: RHB Dallas Miles 0-0: Ball
1-0: Ball
2-0: SINGLE (Popup, 6S, EV 74.4 MPH)
Pitching: LHP Malachi Phillips
Pinch Hitting: RHB Jerry Farmer 0-0: Ball
1-0: Called Strike
1-1: Foul Ball, location: 5F
1-2: Strikes out looking
Batting: RHB Preston Phillips 0-0: Foul Ball, location: 5FF
0-1: Ball
1-1: Foul Ball, location: 9LMF
1-2: Ball
2-2: DOUBLE (Line Drive, 78D, EV 108.8 MPH)
Dallas Miles to third
Runner from 3rd tries for Home, SAFE, no throw by LF
Batting: SHB Mike Pagan 0-0: Ball
1-0: Ball
2-0: Ball
3-0: Base on Balls
Batting: SHB Greg Jenniferl 0-0: Ball
1-0: Ball
2-0: Foul Ball, location: 2LF
2-1: Fly out, F4 (Popup, 34S, EV 80.0 MPH)
Pinch Hitting: RHB Jody Melton 0-0: Ball
1-0: Fielders Choice at 2nd, 6-4 (Groundball, 6, EV 89.4 MPH)
Bottom of the 7th over - 1 run, 2 hits, 0 errors, 2 left on base; Norfolk 3 - Louisville 2
TOP OF THE 8TH
Norfolk Tides batting - Pitching for Louisville Bats : LHP Craig Wilson
Now in LF: John Small
Now in CF: Mike Pagan
Now in RF: Rich Bruce
Batting: LHB Kevin Traynham 0-0: Called Strike
0-1: Ball
1-1: Ball
2-1: Ball
3-1: Fly out, F8 (Flyball, 8RS, EV 79.4 MPH)
Batting: RHB George Champagne 0-0: Called Strike
0-1: Ball
1-1: Swinging Strike
1-2: Ball
2-2: Strikes out swinging
Batting: RHB Evan Keaton 0-0: Called Strike
0-1: Fly out, F9 (Flyball, 89M, EV 90.6 MPH)
Top of the 8th over - 0 runs, 0 hits, 0 errors, 0 left on base; Norfolk 3 - Louisville 2
BOTTOM OF THE 8TH
Louisville Bats batting - Pitching for Norfolk Tides : LHP Malachi Phillips
Now at 1B: B.J. Frantz
Batting: RHB Manny Hernandes 0-0: Called Strike
0-1: Ball
1-1: Foul Ball, location: 9LMF
1-2: Ball
2-2: Strikes out looking
Batting: RHB Ed Pride 0-0: SOLO HOME RUN (Flyball, 7D, EV 95.6 MPH), Distance : 357 ft
Batting: RHB Josh Simms 0-0: Foul Ball, location: 7LMFF
0-1: Ball
1-1: DOUBLE (Flyball, 8RXD, EV 97.5 MPH)
Batting: RHB Dallas Miles 0-0: Intentional Walk
Batting: LHB John Small 0-0: Called Strike
0-1: Ball
1-1: Ball
2-1: Foul Ball, location: 3F
2-2: Ball
3-2: Base on Balls
Josh Simms to third
Dallas Miles to second
Batting: RHB Preston Phillips 0-0: Swinging Strike
0-1: Fly out, F8 (Flyball, 8LM, EV 87.5 MPH)
Runner from 3rd tags up, SCORES, throw by CF
Batting: SHB Mike Pagan 0-0: Ball
1-0: Called Strike
1-1: Fly out, F8 (Flyball, 8RXD, EV 81.3 MPH)
Bottom of the 8th over - 2 runs, 2 hits, 0 errors, 2 left on base; Norfolk 3 - Louisville 4
TOP OF THE 9TH
Norfolk Tides batting - Pitching for Louisville Bats : LHP Craig Wilson
Pitching: RHP Alex Barrera
Pinch Hitting: LHB Jesus Garcia 0-0: Called Strike
0-1: Ball
1-1: Foul Ball, location: 7LSF
1-2: Strikes out swinging
Batting: SHB Jarrett Crawford 0-0: Foul Ball, location: 2F
0-1: Ball
1-1: Foul Ball, location: 7LDF
1-2: Ball
2-2: Ball
3-2: SINGLE (Groundball, 6D, EV 107.5 MPH) (infield hit)
Batting: LHB Andres Lopez 0-0: Called Strike
0-1: Fly out, F8 (Flyball, 8LD, EV 97.5 MPH)
Pinch Hitting: LHB Isaiah Brown 0-0: Foul Ball, location: 25F
0-1: Foul Ball, location: 7LMF
0-2: Ball
1-2: Ball
Wild Pitch!
Jarrett Crawford to second
2-2: Fly out, F9 (Flyball, 89M, EV 95.6 MPH)
Top of the 9th over - 0 runs, 1 hit, 0 errors, 1 left on base; Norfolk 3 - Louisville 4
Saturday, May 11th , 2024 - OOTP Baseball 24.11 Build 85